 Dungeon Crawl Stone Soup version 0.13-a0-1693-g8ac13c1 (webtiles) character file.

21814 Fv001 the Fighter (level 12, -5/100 HPs)
             Began as a Gargoyle Fighter on June 20, 2013.
             Was a High Priest of Okawaru.
             Killed from afar by an oklob plant (13 damage)
             ... with a splash of acid
             ... on Level 4 of the Lair of Beasts.
             The game lasted 01:29:52 (17587 turns).

Fv001 the Fighter (Gargoyle Fighter)               Turns: 17587, Time: 01:29:54

HP  -5/100       AC 18     Str 22      XL: 12   Next: 72%
MP  14/19        EV  9     Int 12      God: Okawaru [*****.]
Gold 777         SH 27     Dex 11      Spells:  1 memorised, 15 levels left

Res.Fire  : + + .   See Invis. : +   S - +7,+5 scimitar of Flaming Death {flame, rP Res.Cold : . . . Warding : . T - -2 plate armour Life Prot.: + . . Conserve : . r - +1 shield
Res.Poison: +       Res.Corr.  : .   X - +2 helmet {SInv}
Res.Elec. : .       Clarity    : +   (no cloak)
Sust.Abil.: . .     Spirit.Shd : .   f - -1 pair of gauntlets
Res.Mut.  : .       Stasis     : .   (no boots)
Res.Rott. : .       Flight     : .   I - amulet of clarity
Saprovore : . . .                    p - +3 ring of evasion
                                     v - +2 ring of dexterity

@: heroism, finesse, somewhat resistant to hostile enchantments, extremely
unstealthy
A: fangs 1, talons 2, cold resistance 1, life protection 1, slow metabolism 1,
petrification resistance, trample resistance
a: Heroism, Finesse, Renounce Religion


You were on level 4 of the Lair of Beasts.
You worshipped Okawaru.
Okawaru was extremely pleased with you.
You were not hungry.

You visited 3 branches of the dungeon, and saw 14 of its levels.
You also visited: Ossuary.

You collected 778 gold pieces.
You donated 21 gold pieces.

Inventory:

Hand weapons
 E - a -1,+1 orcish morningstar
 K - a +1,+0 flail of draining
 S - the +7,+5 scimitar of Flaming Death (weapon) {flame, rPois rF++ rC- MR}
   (You found it on level 1 of the Lair of Beasts)

   It emits flame when wielded, causing extra injury to most foes and up to
   double damage against particularly susceptible opponents.
   Big, fiery blades are also staple armaments of hydra-hunters.
   It greatly protects you from fire.
   It makes you vulnerable to cold.
   It protects you from poison.
   It affects your resistance to hostile enchantments.
Missiles
 e - 184 stones
 g - 173 darts (quivered)
 y - 4 exploding darts
Armour
 f - a -1 pair of gauntlets (worn)
 r - a +1 shield (worn)
 T - a -2 plate armour (worn)
 X - a +2 helmet of see invisible (worn)
Magical devices
 w - a wand of polymorph (1)
 H - a wand of draining (4)
Comestibles
 d - 5 bread rations
 q - a rotting chunk of bat flesh
 D - 5 meat rations
Scrolls
 c - 8 scrolls of remove curse
 k - a scroll of blinking
 n - 2 scrolls of magic mapping
 M - 3 scrolls of teleportation
 N - 3 scrolls of amnesia
 Q - a scroll of fog
Jewellery
 j - an uncursed amulet of rage
 o - a +2 ring of protection {unknown}
 p - a +3 ring of evasion (right hand)
 v - a +2 ring of dexterity (left hand)
 x - an uncursed ring of magical power
 I - an amulet of clarity (around neck)
 W - a +4 ring of intelligence {unknown}
Potions
 i - a potion of brilliance
 m - a potion of confusion {unknown}
 s - 3 potions of speed {unknown}
 z - 2 potions of magic {unknown}
 B - 8 potions of curing
 F - 4 potions of degeneration {unknown}
 J - 2 potions of heal wounds
 P - 4 potions of poison {unknown}
Books
 O - a book of Fire

   Spells                             Type                      Level
   *Fire Brand                        Charms/Fire                  2
   Ignite Poison                      Fire/Transmutation           5
   Fireball                           Conjuration/Fire             5
   Bolt of Fire                       Conjuration/Fire             6
   Delayed Fireball                   Conjuration/Fire             7
   Ring of Flames                     Charms/Fire                  7
   Dragon Form                        Fire/Transmutation           7
Miscellaneous
 h - a fan of gales


   Skills:
 + Level 8.3(13.3) Fighting
 * Level 6.9(11.9) Long Blades
 + Level 8.0(13.0) Maces & Flails
 + Level 2.0(7.0) Throwing
 + Level 8.1(13.1) Armour
 + Level 6.0(11.0) Dodging
 + Level 5.1(10.1) Stealth
 + Level 8.2(13.2) Shields
 + Level 3.1(8.1) Traps
 + Level 3.0 Spellcasting
 * Level 6.5 Fire Magic
 + Level 3.3 Invocations
 + Level 1.5 Evocations


You had 15 spell levels left.
You knew the following spells:

 Your Spells              Type           Power        Failure   Level  Hunger
a - Fire Brand            Chrm/Fire      #.........   99%         2    ##.....


Dungeon Overview and Level Annotations

Branches:
Dungeon (9/27)             Temple (1/1) D:4             Orc (0/4) D:8
   Lair (4/8) D:9           Snake (0/5) Lair:4
  Swamp: Lair:3-6    Shoals: Lair:3-6    Spider: Lair:3-6

Altars:
Ashenzari
Cheibriados
Elyvilon
Fedhas
Kikubaaqudgha
Makhleb
Nemelex Xobeh
Okawaru
Sif Muna
Trog
Vehumet
Xom
Yredelemnul
Zin
the Shining One

Annotations
Lair:4 exclusion: 2 oklob plants, Rupert


Innate Abilities, Weirdness & Mutations

You have very sharp teeth.
You have razor-sharp toenails.
Your flesh is cold resistant.
You resist negative energy.
You have a slow metabolism.
You are immune to petrification.
You are resistant to trampling.


Message History

You slash the oklob plant! You burn the oklob plant.
You claw the oklob plant, but do no damage.
The oklob plant is heavily damaged.
You slash the oklob plant! You burn the oklob plant!
The oklob plant is almost destroyed.
The oklob plant spits acid at you. The splash of acid hits you!
The acid corrodes your -1 pair of gauntlets!
The acid corrodes your -1 plate armour!
The acid burns!
* * * LOW HITPOINT WARNING * * *
You completely miss the oklob plant. You claw the oklob plant!
You bite the oklob plant, but do no damage.
The oklob plant is almost destroyed.
You slash the oklob plant! You burn the oklob plant.
You destroy the oklob plant!
The oklob plant spits acid at you. The splash of acid hits you!
The acid corrodes your -2 plate armour!
The acid burns!
* * * LOW HITPOINT WARNING * * *
You die...

#................###
##................#
#(......?.........#
#........P........#
#......PPPP.......#
#......P[.PP......#
##......>PPPP....$#
#.....P:PP)P.....#
#....PPP@PPP.....
#....!.P.PP......
#......PPP......
#...............
##..............
##............
###.........
#######..


You could see 2 oklob plants.

Vanquished Creatures
  The ghost of Fv001 the Hoplite, a powerful GrFi of Makhleb (Lair:2)
  2 hydras
  A giant amoeba (Lair:2)
  Pikel (D:7)
  A wolf spider (Lair:2)
  An oklob plant (Lair:4)
  An elephant slug (D:9)
  5 elephants
  A black mamba (Lair:2)
  6 spiny frogs
  A komodo dragon (Lair:2)
  3 ugly things
  14 yaks
  A basilisk (Lair:1)
  3 hippogriffs
  3 hungry ghosts
  The ghost of Desperu the Digger, an average GrEE (D:4)
  9 war dogs
  Edmund (D:7)
  A manticore (D:8)
  3 orc warriors
  An ice beast (D:8)
  3 yellow wasps (Lair:2)
  A sky beast (D:7)
  4 ogres
  2 centaurs
  2 phantoms
  A hippogriff zombie (D:8)
  A wolf (Lair:2)
  Duvessa (D:7)
  4 nagas (Lair:4)
  10 crocodiles
  3 water moccasins
  A giant slug (Lair:1)
  A centaur skeleton (D:4)
  10 giant frogs
  4 agate snails
  3 giant frog skeletons
  21 killer bees
  2 big kobold zombies (Ossuary)
  A crimson imp (D:5)
  2 goliath beetles
  Dowan (D:7)
  3 orc priests
  3 scorpions
  3 hounds
  4 iguanas
  2 hound zombies (Ossuary)
  A worker ant zombie (D:7)
  6 worker ants
  3 orc wizards
  4 porcupines
  Ijyb (D:5)
  A jelly (D:7)
  5 mummies
  4 gnolls (D:2)
  3 human zombies (Ossuary)
  16 adders
  40 green rats
  An adder zombie (Ossuary)
  An adder skeleton (D:7)
  7 giant centipedes
  5 giant mites
  3 worms
  3 giant eyeballs
  8 giant geckos
  An ooze (D:6)
  32 orcs
  2 ball pythons
  13 bats
  7 giant cockroaches
  13 goblins
  11 hobgoblins
  4 training dummies (D:4)
  7 giant newts
  A goblin zombie (Ossuary)
  A hobgoblin zombie (Ossuary)
  19 jackals
  A jackal zombie (Ossuary)
  9 kobolds
  An orc zombie (Ossuary)
  9 quokkas
  20 rats
  2 ballistomycetes (D:9)
  A plant (Lair:3)
420 creatures vanquished.

Vanquished Creatures (others)
  The ghost of Root the Arsonist, an experienced DEFE of Vehumet (D:6)
  An orc wizard (D:9)
  A worker ant (D:7)
  2 sheep (Lair:4)
  A giant centipede (D:9)
  An orc (D:9)
  A hobgoblin (D:2)
  A jackal (D:2)
  A giant spore (D:9)
  A rat (D:6)
  A ballistomycete (D:9)
  A bush (Lair:2)
  A fungus (Lair:2)
  3 plants (Lair:2)
17 creatures vanquished.

Grand Total: 437 creatures vanquished

Notes
Turn   | Place    | Note
--------------------------------------------------------------
     0 | D:1      | Fv001, the Gargoyle Fighter, began the quest for the Orb.
     0 | D:1      | Reached XP level 1. HP: 19/19 MP: 0/0
   583 | D:1      | Reached XP level 2. HP: 26/26 MP: 1/1
  1102 | D:2      | Reached skill level 1 in Spellcasting
  1119 | D:2      | Reached XP level 3. HP: 33/33 MP: 2/2
  1177 | D:2      | Reached skill level 1 in Stealth
  1520 | D:2      | Reached XP level 4. HP: 21/39 MP: 4/4
  1783 | D:2      | Reached skill level 1 in Dodging
  1805 | D:2      | Found a sparkling altar of Nemelex Xobeh.
  2147 | D:3      | Reached XP level 5. HP: 46/46 MP: 5/5
  2982 | D:4      | Found a staircase to the Ecumenical Temple.
  2990 | Temple   | Entered the Ecumenical Temple
  3198 | Temple   | Became a worshipper of Zin the Law-Giver
  3198 | Temple   | Acquired Zin's first power
  3273 | D:4      | Found an iron altar of Okawaru.
  3293 | D:4      | Reached skill level 1 in Traps
  3297 | D:4      | Fell from the grace of Zin
  3297 | D:4      | Became a worshipper of Warmaster Okawaru
  3384 | D:4      | Reached XP level 6. HP: 29/52 MP: 7/7
  3392 | D:4      | Noticed an ogre
  3399 | D:4      | Killed an ogre
  4024 | D:4      | Noticed a phantom
  4062 | D:4      | Reached XP level 7. HP: 44/59 MP: 9/9
  4086 | D:4      | Killed a phantom
  4253 | D:4      | Noticed Desperu's ghost (average GrEE)
  4270 | D:4      | Killed Desperu's ghost
  4270 | D:4      | Acquired Okawaru's first power
  4270 | D:4      | Reached skill level 1 in Throwing
  4459 | D:5      | Entered Level 5 of the Dungeon
  4465 | D:5      | Paralysed by a giant eyeball for 4 turns
  4517 | D:5      | Noticed Ijyb
  4527 | D:5      | Killed Ijyb
  4642 | D:4      | Reached skill level 4 in Armour
  4939 | D:5      | Reached XP level 8. HP: 62/66 MP: 12/12
  5726 | D:6      | Found a blossoming altar of Fedhas.
  6123 | D:6      | Found a deep blue altar of Sif Muna.
  6155 | D:6      | Noticed Root's ghost (experienced DEFE)
  6164 | D:6      | Killed Root's ghost
  6165 | D:6      | HP: 2/67 [burnt (4)]
  7356 | D:7      | Found a glowing golden altar of the Shining One.
  7394 | D:7      | Reached XP level 9. HP: 72/72 MP: 14/14
  7430 | D:7      | Noticed Edmund
  7441 | D:7      | Killed Edmund
  7513 | D:7      | Reached skill level 1 in Invocations
  7657 | D:7      | Noticed Duvessa
  7660 | D:7      | Noticed Dowan
  7675 | D:7      | Killed Duvessa
  7696 | D:7      | Killed Dowan
  7851 | D:7      | Found a white marble altar of Elyvilon.
  7917 | D:7      | Reached skill level 5 in Armour
  8084 | D:7      | Noticed Pikel
  8101 | D:7      | Killed Pikel
  8101 | D:7      | Reached skill level 5 in Fighting
  8101 | D:7      | Reached skill level 5 in Maces & Flails
  8544 | D:8      | Paralysed by a giant eyeball for 2 turns
  8806 | D:8      | Found a sand-covered staircase.
  8816 | Ossuary  | Entered an ossuary
  8842 | Ossuary  | Reached skill level 1 in Evocations
  8842 | Ossuary  | Reached XP level 10. HP: 64/81 MP: 16/16
  8964 | Ossuary  | Reached skill level 6 in Maces & Flails
  9147 | D:8      | Learned a level 2 spell: Fire Brand
  9221 | D:8      | Found a shimmering altar of Xom.
  9227 | D:8      | Found a staircase to the Orcish Mines.
  9283 | D:8      | Reached skill level 5 in Shields
  9681 | D:8      | Reached skill level 1 in Fire Magic
 10359 | D:8      | Reached skill level 7 in Maces & Flails
 10390 | D:8      | HP: 2/82 [killer bee (6)]
 10711 | D:9      | Noticed an elephant
 10728 | D:8      | HP: 1/82 [white ugly thing (9)]
 11194 | D:9      | Killed an elephant
 11194 | D:9      | Reached XP level 11. HP: 46/89 MP: 18/18
 11214 | D:8      | Reached skill level 5 in Dodging
 11679 | D:9      | Noticed an elephant slug
 11695 | D:9      | Killed an elephant slug
 11730 | D:9      | Found a burning altar of Makhleb.
 11781 | D:9      | Found a staircase to the Lair.
 11818 | D:9      | Paralysed by a giant eyeball for 4 turns
 11866 | Lair:1   | Entered Level 1 of the Lair of Beasts
 12247 | Lair:1   | Acquired Okawaru's second power
 12649 | Lair:1   | Reached skill level 1 in Long Blades
 13391 | Lair:2   | Noticed a six-headed hydra
 13410 | Lair:2   | Killed a two-headed hydra
 14163 | Lair:2   | Received a gift from Okawaru
 14461 | Lair:2   | Noticed a giant amoeba
 14461 | Lair:2   | a spiny worm changed into a giant amoeba
 14473 | Lair:2   | Killed a giant amoeba
 14473 | Lair:2   | Reached skill level 5 in Fire Magic
 14815 | Lair:2   | Reached XP level 12. HP: 85/99 MP: 19/19
 14881 | Lair:2   | Noticed Fv001's ghost (powerful GrFi)
 14908 | Lair:2   | Killed Fv001's ghost
 14908 | Lair:2   | Reached skill level 5 in Long Blades
 16163 | Lair:3   | Reached skill level 5 in Stealth
 16485 | Lair:3   | Reached skill level 8 in Fighting
 16975 | Lair:4   | Noticed an eight-headed hydra
 16983 | Lair:4   | Killed a four-headed hydra
 17131 | Lair:4   | Found a staircase to the Snake Pit.
 17434 | Lair:4   | Noticed Rupert
 17587 | Lair:4   | Killed from afar by an oklob plant

Action                   |  1- 3 |  4- 6 |  7- 9 | 10-12 || total
-------------------------+-------+-------+-------+-------++-------
Melee: Mace              |    72 |    16 |       |       ||    88
       Flail             |       |   160 |   179 |       ||   339
       Morningstar       |       |       |   174 |   429 ||   603
       Unarmed           |       |       |     3 |       ||     3
       Scimitar          |       |       |       |   578 ||   578
Throw: Dart              |     2 |    10 |     8 |    24 ||    44
Invok: Heroism           |       |       |     4 |    12 ||    16
       Finesse           |       |       |       |     4 ||     4
 Abil: Evoke Berserk Rag |     4 |     1 |     1 |     1 ||     7
Evoke: Wand              |       |       |     5 |     9 ||    14
  Use: Scroll            |     4 |     1 |     3 |    18 ||    26
       Potion            |       |     1 |     1 |     7 ||     9
